Map: Dead of Night

Players

Odin

  • Race: Protoss Protoss
  • League: Gold
  • Spawn Location: 0:00

KarnMan

  • Race: Terran Terran

VOD

Have the link to the VOD?

Description

Time

  • Played on: Aug. 18, 2018, 6:15 a.m.
  • Length: 18:22
Show
View Real Time Build Order
Export as new Build Order

Odin Protoss 

Build Orders:  

Get SALT Encoding   

  12  0:04  Probe (Chrono Boost)  
  13  0:28  Gateway  
  13  0:36  Assimilator  
  13  0:46  Probe (Chrono Boost)  
  14  0:59  Probe (Chrono Boost)  
  15  1:10  Pylon  
  15  1:12  Probe (Chrono Boost)  
  16  1:27  Probe (Chrono Boost)  
  17  1:40  Probe (Chrono Boost)  
  17  1:41  Cybernetics Core  
  18  1:53  Probe (Chrono Boost)  
  19  2:06  Probe (Chrono Boost)  
  20  2:10  Forge  
  20  2:36  Probe (Chrono Boost)  
  21  2:49  Probe (Chrono Boost)  
  22  2:56  Photon Cannon  
  22  3:02  Probe (Chrono Boost)  
  22  3:06  Photon Cannon  
  23  3:14  Probe (Chrono Boost)  
  23  3:16  Photon Cannon  
  24  3:24  Assimilator  
  24  3:27  Probe (Chrono Boost)  
  25  3:35  Gateway  
  25  4:24  Probe (Chrono Boost)  
  26  4:37  Probe (Chrono Boost)  
  26  4:38  Twilight Council  
  27  4:49  Photon Cannon  
  27  4:50  Probe (Chrono Boost)  
  27  4:54  Pylon  
  28  5:03  Probe (Chrono Boost)  
  28  5:07  Dragoon  
  28  5:08  Dragoon  
  33  5:15  Probe (Chrono Boost)  
  34  5:28  Probe (Chrono Boost)  
  35  5:41  Probe (Chrono Boost)  
  35  5:43  Assimilator  
  36  5:54  Probe (Chrono Boost)  
  37  6:07  Probe (Chrono Boost)  
  38  6:19  Probe (Chrono Boost)  
  39  6:41  Dragoon  
  39  6:42  Dragoon x4  
  39  6:43  Dragoon  
  51  6:53  Protoss Ground Weapons Level 1  
  51  6:57  Probe (Chrono Boost)  
  52  7:10  Probe (Chrono Boost)  
  52  7:14  Singularity Charge  
  53  7:23  Probe (Chrono Boost)  
  53  7:25  Templar Archives  
  53  7:28  Gateway  
  54  7:34  Gateway  
  54  7:35  Gateway  
  54  7:36  Probe (Chrono Boost)  
  55  7:59  Probe (Chrono Boost)  
  56  8:08  Gateway  
  56  8:13  Trillic Compresion Mesh  
  56  8:20  Forge  
  56  8:21  Forge  
  56  8:26  Robotics Facility  
  56  8:57  Protoss Ground Armor Level 1  
  56  9:01  Dragoon x3  
  56  9:02  Dragoon x3  
  56  9:03  Dragoon x3  
  74  9:43  Charge  
  74  9:49  Photon Cannon  
  74  9:50  Photon Cannon  
  74  9:52  Photon Cannon  
  74  9:53  Photon Cannon  
  74  10:10  Pylon  
  74  10:44  Photon Cannon  
  74  10:47  Photon Cannon  
  74  10:49  Photon Cannon  
  74  10:51  Photon Cannon  
  74  10:54  Photon Cannon  
  74  10:58  Photon Cannon  
  74  11:36  Psionic Storm, Khaydarin Amulet  
  74  12:25  Pylon  
  74  12:30  Pylon  
  74  12:38  Photon Cannon  
  74  12:42  Photon Cannon  
  74  12:44  Photon Cannon  
  74  12:45  Protoss Ground Weapons Level 2, Photon Cannon  
  74  12:54  Photon Cannon  
  74  13:11  Photon Cannon  
  74  13:12  Photon Cannon  
  74  13:32  Protoss Ground Armor Level 2, Protoss Shields Level 1  
  74  13:46  Plasma Surge  
  74  13:48  Whirlwind  
  74  15:11  High Templar x2  
  74  15:13  High Templar  
  74  15:14  High Templar  
  74  15:15  High Templar  
  74  15:16  High Templar  
  74  15:19  Zealot x2  
  90  15:20  Zealot x4  
  90  15:21  Zealot x3  
  90  15:24  Immortal  
  90  15:25  Immortal  
  112  16:01  Zealot x4  
  112  16:02  Zealot  
  104  16:26  Gateway  
  104  16:28  Gateway  
  98  16:32  Gateway  
  98  16:35  Gateway x2  
  92  16:40  Gateway  
  92  16:43  Gateway  
  92  16:46  Photon Cannon  
  90  16:52  Photon Cannon  
  90  16:53  Photon Cannon  
  90  16:56  Photon Cannon  
  90  16:57  Photon Cannon  
  90  16:58  Observer  
  91  17:01  Archon x2  
  91  17:08  High Templar  
  91  17:09  High Templar x2  
  97  17:10  High Templar  
  99  17:24  Photon Cannon x2  
  98  17:31  Zealot x6  
Show
View Real Time Build Order
Export as new Build Order

KarnMan Terran 

Build Orders:  

Get SALT Encoding   

  12  0:05  Starport Tech Lab  
  12  0:08  SCV  
  13  0:25  SCV, Supply Depot  
  15  0:42  SCV  
  15  0:57  Supply Depot  
  16  1:00  SCV  
  16  1:04  Refinery  
  16  1:17  SCV  
  17  1:20  Supply Depot  
  17  1:28  Refinery  
  18  1:34  SCV  
  18  1:43  Supply Depot  
  19  1:51  SCV  
  19  2:01  Refinery  
  19  2:08  SCV  
  20  2:25  SCV  
  21  2:35  Assault Galleon  
  22  2:42  SCV  
  22  2:59  SCV  
  23  3:16  SCV, Assault Galleon  
  25  3:33  SCV  
  26  3:50  SCV  
  26  3:54  Assault Galleon  
  26  4:07  SCV  
  28  4:24  SCV  
  28  4:36  Assault Galleon  
  29  4:41  SCV  
  29  4:58  SCV  
  29  4:59  Armory  
  30  5:15  SCV  
  32  5:32  SCV  
  32  5:38  Assault Galleon  
  32  5:49  SCV  
  33  6:06  SCV  
  33  6:07  Fusion Core  
  35  6:23  SCV  
  36  6:40  SCV  
  36  6:41  Engineering Bay  
  36  6:55  Horner Weapons Level 1  
  36  6:57  SCV  
  46  7:14  Strike Fighter Platform, SCV  
  46  7:19  LE9 Cluster Charges  
  50  7:20  Supply Depot  
  50  7:27  Theia Raven  
  53  7:31  SCV  
  53  7:47  Strike Fighter Platform  
  53  7:48  SCV  
  54  7:51  Supply Depot  
  54  8:05  SCV  
  64  8:19  Strike Fighter Platform  
  64  8:21  Drone Hangar x3  
  64  8:29  Supply Depot  
  67  8:35  Reaper  
  68  8:40  Drone Hangar  
  68  8:45  Reaper  
  69  8:54  Strike Fighter Platform, Reaper  
  70  9:02  Supply Depot  
  70  9:03  Reaper x2  
  72  9:21  Jetpack Overdrive  
  72  9:22  Multi-Threaded Sensors  
  72  9:28  Strike Fighter Platform  
  70  9:32  Napalm Payload  
  70  9:35  Missile Turret, Horner Armor Level 1  
  70  9:40  Reaper x2  
  70  9:41  Reaper x3  
  75  9:50  Reaper x3  
  75  9:51  Reaper x2  
  80  10:00  Reaper x3  
  80  10:01  Strike Fighter Platform, Reaper x2  
  85  10:25  Tactical Jump  
  85  10:29  Reaper x5  
  89  10:39  Reaper x4, Supply Depot  
  84  10:59  Reaper x3  
  88  11:00  Reaper x2  
  88  11:09  Reaper x3  
  93  11:10  Reaper x2  
  93  11:12  Supply Depot  
  93  11:43  Supply Depot  
  93  11:44  Strike Fighter Platform  
  101  12:16  Strike Fighter Platform  
  101  12:23  Horner Weapons Level 2  
  101  12:48  Strike Fighter Platform  
  101  13:16  Overcharged Reactor  
  101  13:21  Strike Fighter Platform  
  101  13:54  Supply Depot  
  100  14:26  Supply Depot  
  100  14:57  Missile Turret  
  100  15:10  Reaper x3  
  100  15:11  Reaper x2  
  100  15:15  Sovereign Battlecruiser  
  115  15:20  Reaper x3  
  115  15:21  Reaper x2  
  115  15:24  Missile Turret  
  120  15:30  Reaper x4  
  120  15:31  Reaper  
  120  15:33  Horner Armor Level 2  
  125  15:40  Reaper x4  
  125  15:41  Reaper  
  130  15:52  Supply Depot  
  130  16:24  Supply Depot  
  130  16:31  Reaper  
  130  16:32  Reaper x3  
  130  16:36  Reaper  
  135  16:41  Reaper  
  135  16:46  Reaper  
  135  16:56  Missile Turret  
  128  17:06  Reaper x4  
  128  17:07  Reaper  
  127  17:16  Reaper x4  
  127  17:17  Reaper  
  130  17:26  Reaper x4  
  130  17:27  Reaper  
  135  17:36  Reaper x5  
  138  17:40  Sovereign Battlecruiser  
  138  17:46  Reaper x2  
  138  17:47  Theia Raven  
Tags
 
Commander
ArtanisHorner
League
Gold
Matchup
Co-op
Replay Pack
Co-op Missions
Add a new tag
Caveats
  • Supply blocks, unpowered buildings, or Contaminate may cause inaccurate times.
  • Supply counts are checked every 10 seconds.